 Dungeon Crawl Stone Soup version 0.30-a0-728-gc68057be0a (webtiles) character file.

Game seed: 18251628726504399672

622253 drugrobin the Middleweight Champion (level 25, -14/209 (216) HPs)
             Began as a Demigod Delver on Jan 30, 2023.
             Killed from afar by an orb of fire (79 damage)
             ... with a fireball
             ... on level 5 of the Realm of Zot on Jan 31, 2023.
             The game lasted 06:37:42 (83769 turns).

drugrobin the Middleweight Champion (DgDe)         Turns: 83769, Time: 06:37:42

HP:   -14/209 (216) AC: 29    Str: 24 (25) XL:     25   Next: 26%
MP:   47/62         EV: 18    Int: 36 (39) God:
Gold: 2884          SH:  9    Dex: 24 (25) Spells: 10/47 levels left

rFire   . . .      SeeInvis .      - Unarmed
rCold   + . .      Faith    .    u - +3 buckler {AC+3}
rNeg    + . .      Spirit   .    H - +10 pearl dragon scales
rPois   +          Reflect  .    y - +2 helmet {Int+3}
rElec   +          Harm     .    Y - scarf {repulsion}
rCorr   .          Rampage  .    F - +2 pair of gloves of Jily {rElec rPois MP+9}
Will    +++..                    x - +2 pair of boots {Stlth+}
Stlth   +++                      M - amulet of regeneration
HPRegen 1.34/turn                h - ring "Tiew" {Int+6 Dex+6}
MPRegen 0.38/turn                T - ring "Touse" {Drain +Blink rC+ MP+9 Dex+4, =R}

@: about to teleport, on blink cooldown, hasted (expiring), studying 2 skills,
lightly drained, repel missiles, very quick
A: high MP 1, forlorn, divine attributes, hooves 1, deformed body, dopey 1,
frail 1, strong-willed 1, subdued magic 1
}: 4/15 runes: serpentine, barnacled, slimy, abyssal
a: Evoke Blink


You were on level 5 of the Realm of Zot.
You visited 11 branches of the dungeon, and saw 54 of its levels.
You visited the Abyss 3 times.
You visited 1 bazaar.
You also visited: Gauntlet, Ice Cave and Volcano.

You collected 7273 gold pieces.
You spent 4389 gold pieces at shops.

Inventory:

Hand Weapons
 b - the +8 whip "Snakebite" {venom, curare, rPois}
   (You bought it in a shop on level 6 of the Dungeon)

   rPois:     It protects you from poison.
Missiles
 C - 7 curare-tipped darts
 K - 3 silver javelins (quivered)
Armour
 n - the +1 fire dragon scales of Soinekas {rF++ rC- Int+6}
   (You took it off a minotaur in a Gauntlet)

   Int:       It affects your intelligence (+6).
   rF:        It greatly protects you from fire.
   rC:        It makes you vulnerable to cold.
 u - a +3 buckler of protection (worn)
 x - a +2 pair of boots of stealth (worn)
 y - a +2 helmet of intelligence (worn)
 F - the +2 pair of gloves of Jily (worn) {rElec rPois MP+9}
   (You found it in a Gauntlet)

   rElec:     It insulates you from electricity.
   rPois:     It protects you from poison.
   MP:        It affects your magic capacity (+9).
 H - +10 pearl dragon scales (worn)
 Y - a scarf of repulsion (worn)
Jewellery
 f - a ring of see invisible
 h - the ring "Tiew" (left hand) {Int+6 Dex+6}
   (You took it off a deep elf knight on level 3 of the Elven Halls)

   [ring of dexterity]

   Int:       It affects your intelligence (+6).
   Dex:       It affects your dexterity (+6).
 s - a ring of flight
 t - a ring of willpower
 v - the ring of Papocali {Fire Str+4}
   (You found it on level 3 of the Realm of Zot)

   [ring of fire]

   It enhances your fire magic.
   Str:       It affects your strength (+4).
   rF:        It protects you from fire.
   rC:        It makes you vulnerable to cold.
 M - an amulet of regeneration (around neck)
 T - the ring "Touse" (right hand) {Drain +Blink rC+ MP+9 Dex+4, =R}
   (You took it off a necromancer on level 5 of the Lair of Beasts)

   [ring of protection from cold]

   Dex:       It affects your dexterity (+4).
   rC:        It protects you from cold.
   MP:        It affects your magic capacity (+9).
   +Blink:    It lets you blink.
   Drain:     It drains your maximum health when unequipped.
Wands
 i - a wand of mindburst (9)
 k - a wand of digging (2)
 p - a wand of iceblast (36)
 G - a wand of paralysis (56)
 L - a wand of polymorph (29)
 P - a wand of acid (31)
 R - a wand of flame (49)
Scrolls
 a - 7 scrolls of magic mapping
 d - 8 scrolls of fear
 g - 2 scrolls of torment
 o - 8 scrolls of teleportation
 I - 3 scrolls of silence
 O - 3 scrolls of butterflies
 Q - 10 scrolls of fog
 S - 12 scrolls of vulnerability
 V - 10 scrolls of immolation
 X - 4 scrolls of blinking
Potions
 e - 6 potions of haste
 j - 2 potions of resistance
 r - a potion of cancellation
 w - 13 potions of heal wounds
 z - 8 potions of attraction
 A - 26 potions of curing
 B - 8 potions of ambrosia
 E - 3 potions of invisibility
 J - 2 potions of might
 U - 5 potions of berserk rage
 Z - 9 potions of lignification
Miscellaneous
 c - a phantom mirror
 l - a lightning rod (4/4)
 m - a piece from Xom's chessboard (15/15)
 q - a condenser vane
 D - a box of beasts
 N - a phial of floods
 W - a tin of tremorstones (2/2)


   Skills:
 - Level 22.4 Fighting
 - Level 4.0 Throwing
 - Level 5.0 Armour
 - Level 12.0 Dodging
 - Level 4.5 Stealth
 - Level 5.0 Shields
 O Level 27 Unarmed Combat
 + Level 11.8 Spellcasting
 * Level 19.9 Ice Magic
 - Level 2.0 Air Magic
 - Level 8.0 Evocations


You had 10 spell levels left.
You knew the following spells:

 Your Spells              Type           Power      Damage    Failure   Level
a - Wereblood             Tmut           16%        N/A       9%          2
b - Blink                 Tloc           32%        N/A       9%          2
c - Mephitic Cloud        Conj/Pois/Air  20%        N/A       13%         3
d - Frozen Ramparts       Ice            100%       1d16      0%          3
e - Summon Ice Beast      Ice/Summ       64%        N/A       1%          4
f - Hailstorm             Conj/Ice       64%        3d14      1%          3
g - Freezing Cloud        Conj/Ice/Air   27%        6-21      8%          5
h - Simulacrum            Ice/Necr       32%        N/A       16%         6
i - Polar Vortex          Ice            45%        N/A       87%         9

Your spell library contained the following spells:

 Spells                   Type           Power      Damage    Failure   Level
 Freeze                   Ice            100%       1d10      0%          1
 Ozocubu's Armour         Ice            91%        N/A       0%          3
 Ozocubu's Refrigeration  Ice            45%        4d17      1%          7
 Apportation              Tloc           32%        N/A       5%          1
 Kiss of Death            Conj/Necr      64%        2d10      5%          1
 Magic Dart               Conj           64%        1d6       5%          1
 Sandblast                Erth           32%        2d9       5%          1
 Slow                     Hex            64%        N/A       5%          1
 Poisonous Vapours        Pois/Air       42%        N/A       5%          2
 Cigotuvi's Dreadful Rot  Necr/Pois/Air  40%        N/A       6%          2
 Lesser Beckoning         Tloc           32%        N/A       9%          2
 Momentum Strike          Conj/Tloc      32%        3d8       9%          2
 Passwall                 Tmut/Erth      13%        N/A       9%          2
 Searing Ray              Conj           32%        2d5       9%          2
 Sublimation of Blood     Necr           16%        N/A       9%          2
 Confusing Touch          Hex            16%        N/A       17%         3
 Dazzling Flash           Conj/Hex       32%        N/A       17%         3
 Gell's Gravitas          Tloc           16%        N/A       17%         3
 Inner Flame              Hex/Fire       16%        N/A       17%         3
 Stone Arrow              Conj/Erth      32%        3d9       17%         3
 Teleport Other           Tloc           16%        N/A       17%         3
 Tukima's Dance           Hex            16%        N/A       17%         3
 Vampiric Draining        Necr           16%        2d7       17%         3
 Airstrike                Air            13%        2d(2-18)  26%         4
 Anguish                  Hex/Necr       8%         N/A       52%         4
 Animate Dead             Necr           16%        N/A       52%         4
 Cause Fear               Hex            8%         N/A       52%         4
 Dispel Undead            Necr           16%        3d10      52%         4
 Flame Wave               Conj/Fire      16%        2d7       52%         4
 Fulminant Prism          Conj/Hex       8%         3d7       52%         4
 Manifold Assault         Tloc           16%        N/A       52%         4
 Passage of Golubria      Tloc           16%        N/A       52%         4
 Petrify                  Tmut/Erth      16%        N/A       52%         4
 Sticky Flame             Conj/Fire      16%        2d4       52%         4
 Silence                  Hex/Air        10%        N/A       73%         5
 Agony                    Necr           16%        N/A       86%         5
 Alistair's Intoxication  Tmut/Pois      10%        N/A       86%         5
 Borgnjor's Vile Clutch   Necr/Erth      8%         N/A       86%         5
 Fireball                 Conj/Fire      8%         3d6       86%         5
 Irradiate                Conj/Tmut      8%         3d14      86%         5
 Iskenderun's Battlesphe  Conj           16%        2d7       86%         5
 Summon Forest            Summ/Tloc      8%         N/A       86%         5
 Summon Mana Viper        Hex/Summ       16%        N/A       86%         5
 Yara's Violent Unravell  Hex/Tmut       8%         3d5       86%         5
 Dispersal                Tloc           8%         N/A       100%        6
 Eringya's Noxious Bog    Tmut/Pois      8%         N/A       100%        6
 Iron Shot                Conj/Erth      8%         9d3       100%        6
 Starburst                Conj/Fire      8%         6d4       100%        6
 Summon Cactus Giant      Summ           8%         N/A       100%        6
 Dragon Form              Tmut           8%         N/A       100%        7
 Enfeeble                 Hex            8%         N/A       100%        7
 Haunt                    Necr/Summ      8%         N/A       100%        7
 Monstrous Menagerie      Summ           8%         N/A       100%        7
 Spellforged Servitor     Conj/Summ      8%         N/A       100%        7
 Storm Form               Tmut/Air       10%        N/A       100%        7
 Summon Hydra             Summ           8%         N/A       100%        7
 Discord                  Hex            8%         N/A       100%        8
 Ignition                 Fire           8%         3d5       100%        8
 Infestation              Necr           8%         N/A       100%        8
 Lehudib's Crystal Spear  Conj/Erth      8%         10d3      100%        8
 Dragon's Call            Summ           8%         N/A       100%        9


Dungeon Overview and Level Annotations

Branches:
Dungeon (15/15)            Temple (0/1) D:7            Lair (5/5) D:11
 Shoals (4/4) Lair:3        Snake (4/4) Lair:2        Slime (5/5) Lair:5
    Orc (2/2) D:9             Elf (3/3) Orc:2        Vaults (4/5) D:13
  Crypt (3/3) Vaults:3       Tomb (0/3) Crypt:3      Depths (4/4) D:15
    Zot (5/5) Depths:4      IceCv (visited)         Volcano (visited)
Gauntlet (visited)

Shops:
D:2 (   D:6 (   D:8 :   D:9 [?   D:13 *   D:14 [   Orc:1 ?   Orc:2 *=*[
Elf:2 :=:(*   Elf:3 !   Shoals:2 **   Snake:2 [!**   Vaults:3 *   Vaults:4 [
Depths:1 (

Portals:
Hell: Depths:1 Depths:2 Depths:3 Depths:4
Abyss: Depths:3
Pandemonium: Orc:2 Depths:2
Ziggurat: Depths:3

Annotations:
Lair:5 exclusion: obsidian statue
Shoals:4 Roxanne
Snake:1 1 transporter
Crypt:1 2 runed translucent doors, Frederick; Rakupo Megg's ghost, veteran GrEE
Depths:2 1 runed translucent door, Liheutte's ghost, veteran MfMo
Depths:3 2 runed translucent doors, Roplacol's ghost, master GrFi


Innate Abilities, Weirdness & Mutations

You have an increased reservoir of magic. (+10% MP)
You shall have no god before yourself.
Your divine heritage dramatically boosts your attributes as you level up.
You have large cloven feet.
Armour fits poorly on your strangely shaped body.
You are dopey. (Int -2)
You are frail. (-10% HP)
You are strong-willed. (Will+)
Your spells are a little easier to cast, but a little less powerful.


Message History

Your body is wracked with pain!
* * * LOW HITPOINT WARNING * * *
The Orb Guardian convulses!
Unknown command.
Unknown command.
Unknown command.
Unknown command.
Unknown command.
You feel much better.
The orb of fire emits a lurid red light.
The bolt of fire misses you. The Tzitzimitl gestures at you.
The bolt of negative energy misses you.
Unknown command.
Unknown command.
Unknown command.
Unknown command.
Unknown command.
The world stops spinning.
The orb of fire drops a net on you.
You become entangled in the net!
The electric golem blinks!
You see here a throwing net.
Unknown command.
Unknown command.
Unknown command.
Unknown command.
Unknown command.
Unknown command.
Unknown command.
You blink.
The Killer Klown blinks!
The electric golem hurls lightning at you.
The bolt of lightning hits the orb of fire.
The orb of fire completely resists.
The bolt of lightning hits you. You resist.
You hear a deafening roar!
Unknown command.
Unknown command.
Unknown command.
The orb of fire glows bright magenta.
The fireball explodes!
The fireball engulfs you!!!!
You die...

##.###.# ##.##.# ##.#.# ##..#
##.# ##.# #..# **##############
########.## **,.......p....@##
#.......... **,^.......^......##
##......... *,,,^.........9*...##
#......... ,,,,...........^....#
##........ ,,,,...^...§.X......#
#..)..... ,,,,......1...^.....#
##........ ,,,,......(.§..X....#
#......... ,,,,...........§....#
##.........
^,,,.........^......###..........


You could see an orb of fire, a Killer Klown, an electric golem, a Tzitzimitl
(summoned) and 2 Orb Guardians.

Vanquished Creatures
  the Royal Jelly (Slime:5)
  An ancient lich (Zot:5)
  Mara (Snake:4)
  An orb of fire (Zot:5)
  A juggernaut (Depths:3)
  Josephina (Depths:2)
  Vv (Depths:2)
  A shard shrike (Zot:2)
  4 curse toes (Zot:4)
  Saint Roka (Depths:1)
  Margery (Vaults:4)
  Xtahua (Depths:4)
  Nikola (Shoals:3)
  7 golden dragons
  the Enchantress (Depths:4)
  A bone dragon (Depths:4)
  3 liches
  Jorgrun (Snake:3)
  8 Orb Guardians (Zot:5)
  Zenata (Vaults:4)
  14 tentacled monstrosities
  5 deep elf blademasters
  A shard shrike skeleton (Crypt:1)
  A titan (Vaults:3)
  2 quicksilver dragons (Zot:3)
  8 tentacled starspawn (Abyss:3)
  6 death cobs
  2 deep elf master archers (Elf:3)
  3 ancient champions
  22 acid blobs
  Frances (D:12)
  An Executioner (Abyss:3)
  6 sphinxes
  Polyphemus (Shoals:4)
  Kirke (Shoals:2)
  5 shadow dragons
  4 revenants
  Ilsuiw (Shoals:4)
  Agnes (Snake:1)
  A tengu reaver (Depths:2)
  10 storm dragons
  Donald (Shoals:4)
  2 draconian knights (Zot:1)
  10 azure jellies
  15 rockslimes
  4 fire giants
  5 deep elf sorcerers
  11 draconian monks
  8 frost giants
  An iron dragon (Depths:3)
  11 vault wardens
  Aizul (Snake:2)
  A ghost moth (Zot:4)
  3 deep elf elementalists (Elf:3)
  4 draconian scorchers
  A balrug (Abyss:3)
  4 ghouls (Crypt:3)
  5 draconian shifters
  An orc warlord (Vaults:1)
  Louise (Shoals:2)
  A cacodemon (Abyss:3)
  6 war gargoyles
  34 very ugly things
  22 stone giants
  9 draconian stormcallers
  10 ironbound preservers
  3 draconian annihilators
  A caustic shrike skeleton (Abyss:3)
  11 ironbound thunderhulks
  5 spriggan defenders
  8 quicksilver oozes
  3 vampire knights
  An ophan (Abyss:3)
  6 deep elf demonologists
  9 black draconians
  6 deep elf annihilators
  7 green draconians
  4 yellow draconians
  10 white draconians
  11 spark wasps
  13 dire elephants
  6 red draconians
  A minotaur (Gauntlet)
  A spark wasp (shapeshifter) (Depths:3)
  10 purple draconians
  Snorg (D:13)
  4 merfolk javelineers
  7 deep elf death magi
  3 blizzard demons
  A crystal guardian (Vaults:4)
  2 eidola
  A green death (Abyss:3)
  9 yaktaur captains
  2 mummy priests (Crypt:3)
  9 ettins
  7 jiangshi
  11 great orbs of eyes
  An entropy weaver (Vaults:3)
  9 fire dragons
  21 ice dragons
  6 merfolk impalers
  5 rakshasas
  2 deep elf high priests (Elf:3)
  9 hydras
  A hydra (shapeshifter) (D:15)
  3 vault guards
  4 salamander tyrants
  A demonspawn (Orc:2)
  4 peacekeepers
  2 catoblepae
  5 spriggan air magi
  A fenstrider witch skeleton (Crypt:2)
  7 ironbound frosthearts
  5 death knights
  3 merfolk avatars
  8 anacondas
  4 merfolk aquamancers
  An alligator (Lair:4)
  6 two-headed ogres
  15 death yaks
  3 hell hogs (Abyss:3)
  15 centaur warriors
  31 dancing weapons
  4 vampire magi
  10 boulder beetles
  10 deep troll earth magi
  5 deep troll shamans
  7 tengu warriors
  8 thrashing horrors (Abyss:3)
  9 spriggan berserkers
  8 orc high priests
  5 naga warriors
  21 deep elf knights
  6 soul eaters
  Nergalle (D:11)
  17 naga sharpshooters
  7 shock serpents
  A wretched star (Abyss:3)
  2 spectral death yaks (Lair:5)
  18 hell knights
  9 iron trolls
  4 salamander mystics
  17 skeletal warriors
  The ghost of testman the Slasher, a novice DsGl of Kikubaaqudgha (D:6)
  A sixfirhy (Orc:2)
  46 deep trolls
  2 goliath frogs
  2 orange crystal statues
  A flayed ghost (Crypt:1)
  4 glowing orange brains
  A spectral anaconda (Lair:5)
  5 bog bodies (Crypt:3)
  A swamp dragon (Lair:4)
  16 sea snakes
  10 wizards
  28 harpies
  4 lindwurms
  18 deep elf archers
  A lindwurm (shapeshifter) (Depths:3)
  13 phantasmal warriors
  19 ironbound convokers
  27 deep elf zephyrmancers
  2 nameless horrors (Elf:2)
  7 orc knights
  14 manticores
  4 naga ritualists
  A broodmother zombie (Crypt:2)
  An iron dragon zombie (Depths:2)
  13 mana vipers
  14 starcursed masses (Abyss:3)
  26 deep elf pyromancers
  15 cyclopes
  An oklob plant (Lair:5)
  6 orc sorcerers
  5 fauns
  12 necromancers
  A shadow dragon skeleton (Crypt:3)
  3 worldbinders (Abyss:3)
  4 shining eyes
  A fire giant zombie (Depths:2)
  35 ugly things
  15 moths of wrath
  22 salamanders
  A will-o-the-wisp (Abyss:3)
  17 elephants
  32 black mambas
  11 merfolk sirens
  10 apocalypse crabs (Zot:4)
  14 vault sentinels
  11 naga magi
  A gargoyle (D:11)
  5 guardian serpents
  8 storm dragon simulacra (IceCv)
  A torpor snail (Lair:2)
  A spectral iron troll (Crypt:2)
  An eye of devastation (Slime:4)
  An eleionoma skeleton (Crypt:1)
  A demonic crawler (Abyss:3)
  7 water nymphs
  A naga skeleton (Abyss:3)
  12 cane toads
  6 smoke demons (Abyss:3)
  5 komodo dragons
  An alligator snapping turtle skeleton (Crypt:2)
  3 rime drakes
  2 efreet
  A hellion (Depths:2)
  2 orange demons
  A sea snake zombie (Crypt:3)
  6 tengu conjurers
  A catoblepas skeleton (Crypt:3)
  6 freezing wraiths
  2 spectral deep trolls (Crypt:2)
  38 yaktaurs
  4 golden dragon simulacra (IceCv)
  An ice devil (Orc:2)
  14 guardian mummies (Crypt:3)
  4 ancient zymes (Abyss:3)
  A hellwing (Depths:2)
  A harpy zombie (Abyss:3)
  An iron troll skeleton (Crypt:2)
  4 polar bears
  7 trolls
  8 wind drakes
  3 meliai (Gauntlet)
  26 merfolk
  4 tyrant leeches (Lair:4)
  A radroach zombie (Crypt:2)
  A tengu simulacrum (Depths:2)
  5 raiju (Abyss:3)
  8 snapping turtles
  2 hornets
  11 blink frogs
  A spectral elephant (Lair:5)
  10 dream sheep
  A guardian serpent skeleton (Crypt:2)
  82 slime creatures
  The ghost of lambentLogic the Sneak, an amateur KoEn (D:4)
  A jumping spider (shapeshifter) (Elf:3)
  Sigmund (D:5)
  2 centaur simulacra (Gauntlet)
  11 water elementals
  7 flying skulls
  A shadow (D:11)
  10 spriggans
  2 vampires
  57 yaks
  6 ushabtiu (Crypt:3)
  A wyvern (shapeshifter) (Depths:2)
  2 ynoxinuls (Abyss:3)
  2 air elementals (Elf:3)
  6 wyverns
  8 wraiths
  A fire elemental (Elf:3)
  A fire bat (Volcano)
  5 golden eyes (Slime:2)
  10 basilisks
  A chaos spawn (Depths:2)
  2 steam dragons
  A golden eye (shapeshifter) (Depths:4)
  8 vampire mosquitoes
  2 death yak simulacra (Lair:5)
  3 redbacks (Vaults:3)
  Menkaure (D:7)
  A spectral cane toad (Lair:5)
  2 wargs
  27 nagas
  5 swamp worms
  17 water moccasins
  2 hell hounds (Volcano)
  6 acid dragons
  11 large abominations (Abyss:3)
  A floating eye (Depths:2)
  3 ice beasts
  33 orc warriors
  2 sky beasts
  7 ice dragon simulacra (IceCv)
  A swamp drake (shapeshifter) (Vaults:1)
  8 black bears
  8 ogres
  An ettin simulacrum (Depths:2)
  3 elephant zombies (Lair:5)
  10 centaurs
  An elephant skeleton (Lair:5)
  22 wolves
  4 boggarts
  4 small abominations (Abyss:3)
  9 kobold brigands
  2 earth elementals (Elf:2)
  3 necrophages
  A rime drake skeleton (Crypt:2)
  A salamander skeleton (Crypt:1)
  11 bullfrogs
  A cane toad simulacrum (Lair:5)
  3 scorpions
  16 wights
  8 killer bees
  A water moccasin skeleton (Crypt:1)
  2 lindwurm simulacra (IceCv)
  8 electric eels
  A shapeshifter skeleton (Crypt:2)
  A polar bear skeleton (Crypt:1)
  A bullfrog zombie (Crypt:3)
  A wolf skeleton (Crypt:1)
  2 gnoll boudas
  A jelly (D:5)
  A basilisk zombie (Crypt:3)
  23 orc priests
  5 hounds
  15 orc wizards
  A statue (D:8)
  A boggart skeleton (Crypt:3)
  A killer bee zombie (Crypt:1)
  A naga zombie (Crypt:1)
  3 mummies (Crypt:3)
  A boggart simulacrum (Gauntlet)
  15 gnolls
  A swamp drake zombie (Crypt:3)
  6 adders
  A shadow imp (Abyss:3)
  5 white imps
  2 ufetubi
  3 worms
  2 dart slugs
  85 orcs
  6 endoplasms
  5 giant cockroaches
  7 hobgoblins
  5 jackals
  11 kobolds
  3 quokkas
  7 ball pythons
  A ball python skeleton (Crypt:2)
  5 bats
  7 frilled lizards
  6 goblins
  A rat (D:2)
  2 starspawn tentacles (Abyss:3)
2273 creatures vanquished.

Vanquished Creatures (collateral kills)
  A quicksilver ooze (Slime:5)
  A black draconian (Zot:5)
  A green draconian (Depths:4)
  A deep troll earth mage (Depths:4)
  A deep troll (Depths:2)
  A shining eye (Slime:2)
  4 slime creatures
  A smoke demon (Depths:2)
  A nameless horror (Depths:3)
12 creatures vanquished.

Vanquished Creatures (others)
  A caustic shrike simulacrum (Depths:2)
  A naga warrior (Snake:4)
  A two-headed ogre (Volcano)
  A spriggan simulacrum (Depths:2)
  A deep elf zephyrmancer (Elf:1)
  5 dream sheep (D:7)
  2 humans (Shoals:3)
  An orc (D:8)
  A bush (D:11)
  4 foxfires (Abyss:3)
  42 fungi
  233 plants
  17 starspawn tentacles (Abyss:3)
  15 withered plants (Lair:5)
325 creatures vanquished.

Grand Total: 2610 creatures vanquished

Notes
Turn   | Place    | Note
-------+----------+-------------------------------------------
     0 | D:5      | drugrobin the Demigod Delver began the quest for the Orb.
     0 | D:5      | Reached XP level 1. HP: 18/18 MP: 3/3
     4 | D:5      | Noticed an ogre
    88 | D:5      | Noticed an ogre
    91 | D:5      | Noticed a hound
   135 | D:4      | Killed a hound
   136 | D:4      | Reached skill level 3 in Unarmed Combat
   136 | D:4      | Reached XP level 2. HP: 10/25 MP: 4/4
   454 | D:4      | Reached XP level 3. HP: 30/30 MP: 5/5
   689 | D:4      | Reached skill level 4 in Unarmed Combat
   749 | D:4      | Reached XP level 4. HP: 16/37 MP: 6/6
   948 | D:4      | Noticed a necrophage
   971 | D:4      | Killed a necrophage
   972 | D:4      | Reached skill level 5 in Unarmed Combat
   973 | D:4      | Reached XP level 5. HP: 27/42 MP: 7/7
  1084 | D:4      | Found a transporter.
  1269 | D:4      | Noticed a centaur
  1282 | D:4      | Killed a centaur
  1827 | D:3      | Reached skill level 6 in Unarmed Combat
  2434 | D:1      | Reached XP level 6. HP: 43/50 MP: 8/8
  3135 | D:2      | Identified the +1 ring mail "Tinic" {Int+5}
  3190 | D:2      | Learned a level 2 spell: Wereblood
  3305 | D:2      | Found Vizaikam's Weapon Shoppe.
  3588 | D:4      | Found a transporter.
  3595 | D:4      | Noticed lambentLogic's ghost (amateur KoEn)
  3855 | D:5      | Noticed Sigmund
  3859 | D:5      | Noticed a water moccasin
  4014 | D:5      | Reached skill level 7 in Unarmed Combat
  4349 | D:5      | Reached XP level 7. HP: 56/56 MP: 9/9
  4445 | D:6      | Reached skill level 8 in Unarmed Combat
  4617 | D:5      | Reached skill level 9 in Unarmed Combat
  4917 | D:5      | Killed Sigmund
  4918 | D:5      | Reached XP level 8. HP: 47/62 MP: 10/10
  5248 | D:4      | Killed lambentLogic's ghost
  5492 | D:6      | Reached skill level 10 in Unarmed Combat
  5932 | D:6      | Found Gilalim's Weapon Shoppe.
  5956 | D:6      | Bought a +3 arbalest of draining for 276 gold pieces
  6196 | D:7      | Reached skill level 11 in Unarmed Combat
  6196 | D:7      | Noticed Menkaure
  6417 | D:7      | Killed Menkaure
  6418 | D:7      | Reached XP level 9. HP: 66/68 MP: 11/11
  6429 | D:7      | Found a runed translucent gate.
  6429 | D:7      | Found a runed translucent gate.
  6430 | D:7      | Found a runed translucent gate.
  6430 | D:7      | Noticed testman's ghost (novice DsGl)
  6709 | D:7      | Learned a level 2 spell: Blink
  6730 | D:7      | Reached skill level 12 in Unarmed Combat
  6948 | D:7      | Found a staircase to the Ecumenical Temple.
  7592 | D:8      | Reached skill level 13 in Unarmed Combat
  7699 | D:8      | Found Qickipoc's Tremendous Tomes.
  8358 | D:8      | Reached XP level 10. HP: 15/78 MP: 13/13
  8883 | D:9      | Found Bexkapri's Magic Scroll Shoppe.
  8892 | D:9      | Bought a scroll of enchant armour for 97 gold pieces
  8892 | D:9      | Bought a scroll of immolation for 52 gold pieces
  8892 | D:9      | Bought a scroll of teleportation for 39 gold pieces
  8892 | D:9      | Bought a scroll of identify for 26 gold pieces
  9087 | D:9      | Noticed a two-headed ogre
  9298 | D:9      | Killed a two-headed ogre
  9472 | D:9      | Reached skill level 14 in Unarmed Combat
  9648 | D:9      | Found Piczaesk's Armour Shoppe.
  9732 | D:9      | Reached skill level 5 in Fighting
 10113 | D:9      | Found a staircase to the Orcish Mines.
 10280 | D:10     | Entered Level 10 of the Dungeon
 10280 | D:10     | Noticed a two-headed ogre
 10328 | D:8      | Killed a two-headed ogre
 10618 | D:11     | Noticed a manticore
 10628 | D:11     | Killed a manticore
 10867 | D:11     | Reached XP level 11. HP: 84/89 MP: 14/14
 10877 | D:11     | Reached skill level 15 in Unarmed Combat
 10877 | D:11     | Reached skill level 1 in Evocations
 11049 | D:11     | Found a staircase to the Lair.
 11441 | D:11     | Noticed Nergalle
 11465 | D:11     | Killed Nergalle
 12417 | Lair:1   | Entered Level 1 of the Lair of Beasts
 13132 | Lair:1   | Reached skill level 16 in Unarmed Combat
 13887 | Lair:1   | Reached skill level 1 in Shields
 14000 | Lair:1   | Reached XP level 12. HP: 79/101 MP: 15/15
 14081 | Lair:1   | You fall into a shaft and drop 1 floor!
 14081 | Lair:2   | Found a staircase to the Snake Pit.
 14244 | Lair:2   | Noticed an eight-headed hydra
 14249 | Lair:2   | Killed an eight-headed hydra
 14278 | Lair:2   | Found a dark tunnel.
 14295 | Volcano  | Entered a volcano
 14638 | Volcano  | Reached skill level 17 in Unarmed Combat
 14960 | Lair:1   | Identified the +1 robe of Serendipity {Will++}
 14969 | Lair:1   | Reached skill level 5 in Shields
 15655 | Lair:2   | Noticed a seven-headed hydra
 15670 | Lair:2   | Killed a seven-headed hydra
 16714 | Lair:3   | Identified a scroll of acquirement
 16716 | Lair:3   | Acquired the +3 hat "Nauhuode" {Harm Regen+}
 16790 | Lair:3   | Found a staircase to the Shoals.
 17064 | Lair:3   | Reached XP level 13. HP: 112/112 MP: 16/16
 17221 | Lair:3   | Reached skill level 18 in Unarmed Combat
 17774 | Lair:4   | Reached skill level 10 in Fighting
 18286 | Lair:4   | HP: 2/114 [poison (poison gas)]
 18871 | D:6      | Bought the +8 whip "Snakebite" {venom, curare, rPois} for
                  | 596 gold pieces
 18871 | D:6      | Found the +8 whip "Snakebite" {venom, curare, rPois}
 18945 | Orc:1    | Entered Level 1 of the Orcish Mines
 18949 | Orc:1    | Paralysed by an orc sorcerer for 4 turns
 19165 | Orc:1    | Found Mutyel's Magic Scroll Emporium.
 19241 | Orc:1    | Bought a scroll of torment for 142 gold pieces
 19295 | Orc:2    | Entered Level 2 of the Orcish Mines
 19489 | Orc:2    | Found a staircase to the Elven Halls.
 19774 | Orc:2    | Reached skill level 19 in Unarmed Combat
 20367 | D:9      | Bought the +0 pair of fencer's gloves {Riposte Dex+3} for
                  | 640 gold pieces
 20367 | D:9      | Found the +0 pair of fencer's gloves {Riposte Dex+3}
 20792 | Lair:4   | Identified the +1 plate armour of Grim Contentment {+Inv
                  | rN+ Dex+2}
 20934 | Lair:5   | Entered Level 5 of the Lair of Beasts
 21134 | Lair:5   | Reached XP level 14. HP: 124/124 MP: 17/17
 21516 | Lair:4   | Reached skill level 20 in Unarmed Combat
 21859 | Lair:5   | Found a staircase to the Slime Pits.
 22193 | Lair:5   | Identified the ring "Touse" {Drain +Blink rC+ MP+9 Dex+4}
 22679 | Lair:5   | Identified the +5 plate armour of Qazlal's Favour {Rampage
                  | Str-5 SInv}
 23179 | Orc:2    | Found Kogotsun's General Store.
 23208 | Orc:2    | Found Nyummeph's General Store.
 23626 | Orc:2    | Found Koexzek's Jewellery Boutique.
 23626 | Orc:2    | Found Uzocrid's Antique Armour Shop.
 23626 | Orc:2    | Found a one-way gate leading to the halls of Pandemonium.
 23698 | Orc:2    | Reached skill level 21 in Unarmed Combat
 23941 | D:12     | Noticed Frances
 23975 | D:12     | Killed Frances
 24520 | D:13     | Reached XP level 15. HP: 134/134 MP: 18/18
 24553 | D:13     | Noticed Snorg
 24583 | D:13     | Killed Snorg
 24855 | D:13     | Found a gate to the Vaults.
 24988 | D:13     | Found Geriolat's Elemental Accessories.
 25267 | D:14     | Found Finiepe's Antique Armour Shoppe.
 25291 | D:14     | Found a gate leading to a gauntlet.
 25295 | Gauntlet | Entered a Gauntlet
 25295 | Gauntlet | Found a transporter.
 25324 | Gauntlet | Found a transporter.
 25351 | Gauntlet | Found a transporter.
 25353 | Gauntlet | Found a transporter.
 25444 | Gauntlet | Found a transporter.
 25444 | Gauntlet | Found a transporter.
 25444 | Gauntlet | Found a transporter.
 25487 | Gauntlet | Found a transporter.
 25493 | Gauntlet | Identified the +2 pair of gloves of Jily {rElec rPois MP+9}
 25524 | Gauntlet | Found a transporter.
 25537 | Gauntlet | Identified the +1 shortbow of the Crafting Wasp {elec,
                  | rCorr MP+9}
 25537 | Gauntlet | Identified the +1 fire dragon scales of Soinekas {rF++ rC-
                  | Int+6}
 25594 | D:14     | Found a frozen archway.
 25594 | D:14     | Noticed an azure jelly
 25612 | D:14     | Killed an azure jelly
 25660 | IceCv    | Entered an ice cave
 26084 | IceCv    | Noticed a golden dragon
 26148 | IceCv    | Killed a golden dragon
 26338 | IceCv    | Identified the amulet of the Festooned God {Faith Str+2}
 26559 | D:14     | Identified the +2 rapier "Koawk" {heavy, Int+3}
 26741 | D:14     | Reached skill level 22 in Unarmed Combat
 27241 | D:15     | Entered Level 15 of the Dungeon
 27488 | D:15     | Reached skill level 1 in Throwing
 27843 | D:15     | Found a staircase to the Depths.
 28001 | Snake:1  | Entered Level 1 of the Snake Pit
 28132 | Snake:1  | Noticed Agnes
 28147 | Snake:1  | Killed Agnes
 28258 | Snake:1  | Found a transporter.
 28260 | Snake:1  | Found a transporter.
 28535 | Snake:1  | Found a transporter.
 28538 | Snake:1  | Found a transporter.
 28560 | Snake:1  | Found a transporter.
 28913 | Snake:1  | Reached XP level 16. HP: 146/146 MP: 19/19
 29408 | Snake:2  | Reached skill level 5 in Evocations
 29529 | Snake:2  | Noticed Aizul
 29539 | Snake:2  | Killed Aizul
 29688 | Snake:2  | Found Tueps's Armour Shoppe.
 29690 | Snake:2  | Found Pil Buyffeo's General Store.
 29690 | Snake:2  | Found Eske's Distillery.
 29695 | Snake:2  | Found Izxiewie's Assorted Antiques.
 29701 | Snake:2  | Bought a scroll of teleportation for 108 gold pieces
 30190 | Snake:2  | You fall into a shaft and drop 1 floor!
 30349 | Snake:3  | Noticed Jorgrun
 30383 | Snake:3  | Killed Jorgrun
 30930 | Snake:4  | Entered Level 4 of the Snake Pit
 31356 | Snake:3  | Reached skill level 23 in Unarmed Combat
 31823 | Snake:4  | Noticed Mara
 31834 | Snake:4  | Noticed drugrobin's illusion
 31925 | Snake:4  | Noticed drugrobin's illusion
 32361 | Snake:4  | Noticed drugrobin's illusion
 32574 | Snake:4  | Noticed drugrobin's illusion
 32580 | Snake:4  | HP: 1/147 [Mara/+1 demon trident of electrocution (24)]
 32755 | Snake:4  | Noticed drugrobin's illusion
 32778 | Snake:4  | Killed Mara
 32779 | Snake:4  | Reached skill level 15 in Fighting
 33188 | Snake:4  | Got a serpentine rune of Zot
 33537 | D:6      | Killed testman's ghost
 33843 | Vaults:1 | Entered Level 1 of the Vaults
 34210 | Vaults:1 | Paralysed by a great orb of eyes for 2 turns
 34252 | Vaults:1 | Reached XP level 17. HP: 78/156 MP: 20/20
 34526 | Vaults:1 | Reached skill level 24 in Unarmed Combat
 35423 | Vaults:1 | Reached XP level 18. HP: 166/166 MP: 25/25
 37326 | Vaults:2 | Reached skill level 25 in Unarmed Combat
 37789 | Vaults:2 | Reached XP level 19. HP: 116/174 MP: 30/30
 38061 | Shoals:1 | Entered Level 1 of the Shoals
 38602 | Shoals:1 | Reached skill level 5 in Spellcasting
 38957 | Shoals:2 | Found Jar Maydd's Specific Store.
 38957 | Shoals:2 | Found Fetokuv's General Store.
 39431 | Shoals:2 | Noticed Louise
 41133 | Shoals:2 | Found Jar Maydd's Specific Store.
 41135 | Shoals:2 | Found Fetokuv's General Store.
 41250 | Shoals:2 | Killed Louise
 41478 | Shoals:3 | Noticed Nikola
 41519 | Shoals:3 | Noticed Kirke
 41536 | Shoals:2 | Killed Kirke
 41561 | Shoals:3 | Killed Nikola
 42348 | Shoals:4 | Entered Level 4 of the Shoals
 42348 | Shoals:4 | Noticed Roxanne
 42748 | Shoals:4 | Noticed Polyphemus
 42801 | Shoals:4 | Killed Polyphemus
 42863 | Shoals:4 | Identified the +2 rapier of Cofig {freeze, Fragile rF-
                  | Str+8 Stlth+}
 43083 | Shoals:4 | Noticed Donald
 43129 | Shoals:4 | Killed Donald
 43204 | Shoals:4 | Noticed Ilsuiw
 43249 | Shoals:4 | Killed Ilsuiw
 43657 | Shoals:4 | Got a barnacled rune of Zot
 43866 | Shoals:4 | Identified the +6 chain mail of Misanthropy {rN+}
 44313 | Snake:1  | Reached skill level 26 in Unarmed Combat
 44378 | Snake:1  | Identified the +1 ring mail of Buzer {Dex+3}
 44576 | Depths:1 | Entered Level 1 of the Depths
 44642 | Depths:1 | Found a flickering gateway to a bazaar.
 44654 | Bazaar   | Entered a bazaar
 44683 | Bazaar   | Found Jetoz's Armour Shop.
 44695 | Bazaar   | Found Xuijef's Assorted Antiques.
 44724 | Bazaar   | Found Yttif's Book Shop.
 44730 | Bazaar   | Found Kafogrit's General Store.
 44738 | Bazaar   | Bought a scroll of enchant armour for 112 gold pieces
 44738 | Bazaar   | Bought a scroll of vulnerability for 60 gold pieces
 44769 | Bazaar   | Bought +0 pearl dragon scales for 1300 gold pieces
 45089 | Depths:1 | Learned a level 3 spell: Mephitic Cloud
 45431 | Depths:1 | Found Hiutiqe's Antique Weapon Emporium.
 45437 | Depths:1 | Bought a crystal sling for 169 gold pieces
 45437 | Depths:1 | Identified the +4 sling "Meunn" {antimagic, rElec rC+} (You
                  | bought it in a shop on level 1 of the Depths)
 45577 | Depths:1 | Found a gateway to Hell.
 45637 | Depths:1 | Reached XP level 20. HP: 173/184 MP: 36/36
 45857 | Depths:1 | Noticed Saint Roka
 45872 | Depths:1 | Killed Saint Roka
 46766 | Depths:2 | Noticed Vv
 48062 | Vaults:3 | Reached skill level 27 in Unarmed Combat
 48212 | Vaults:3 | Found Luuq's General Store.
 48221 | Vaults:3 | Bought a potion of heal wounds for 50 gold pieces
 48221 | Vaults:3 | Bought a potion of berserk rage for 50 gold pieces
 48477 | Vaults:3 | Found a staircase to the Crypt.
 48791 | Vaults:4 | Noticed Margery
 48849 | Vaults:4 | Killed Margery
 49506 | Vaults:4 | Paralysed by a sphinx for 5 turns
 50173 | Vaults:4 | Noticed Zenata
 50801 | Vaults:4 | Killed Zenata
 50972 | Vaults:4 | Found Kumaimic's Armour Shoppe.
 51311 | Vaults:4 | Reached XP level 21. HP: 197/200 MP: 38/38
 51772 | Elf:1    | Entered Level 1 of the Elven Halls
 51805 | Elf:1    | Learned a level 3 spell: Frozen Ramparts
 51863 | Elf:1    | Reached skill level 1 in Ice Magic
 51877 | Elf:1    | Learned a level 4 spell: Summon Ice Beast
 53726 | Elf:2    | Found Mukkoul's Jewellery Emporium.
 53727 | Elf:2    | Found Ibbolum's Book Boutique.
 53727 | Elf:2    | Found Xadwuco's Book Boutique.
 53835 | Elf:2    | Found Syrae's Antique Weapon Boutique.
 53870 | Elf:2    | Reached skill level 5 in Ice Magic
 53907 | Elf:2    | Found a runed translucent gate.
 53908 | Elf:2    | Found a runed translucent gate.
 53908 | Elf:2    | Found a runed translucent gate.
 53936 | Elf:2    | Found Sofy's General Store.
 53943 | Elf:2    | Bought a scroll of enchant armour for 142 gold pieces
 54843 | Elf:3    | Entered Level 3 of the Elven Halls
 54978 | Elf:3    | Found Ycaovur's Distillery.
 54983 | Elf:3    | Bought a potion of cancellation for 80 gold pieces
 54983 | Elf:3    | Bought a potion of heal wounds for 50 gold pieces
 54983 | Elf:3    | Bought a potion of heal wounds for 50 gold pieces
 54983 | Elf:3    | Bought a potion of heal wounds for 50 gold pieces
 56072 | Elf:3    | Reached skill level 5 in Dodging
 56390 | Elf:3    | Learned a level 3 spell: Hailstorm
 56483 | Elf:3    | Identified the amulet of Spite {Spirit Fragile rN+++ Dex-3
                  | SInv}
 56507 | Elf:3    | Identified the ring "Tiew" {Int+6 Dex+6}
 56526 | Abyss:3  | Cast into level 3 of the Abyss (a deep elf sorcerer)
 56745 | Elf:3    | Escaped the Abyss
 57608 | Depths:1 | Reached XP level 22. HP: 165/209 MP: 39/39
 57611 | Depths:1 | Reached skill level 1 in Armour
 57986 | Depths:2 | Learned a level 5 spell: Freezing Cloud
 58087 | Depths:2 | Found a runed translucent door.
 58088 | Depths:2 | Noticed Liheutte's ghost (veteran MfMo)
 58371 | Depths:2 | Identified the ring of the Rescuing Queen {Ice Int+3}
 58371 | Depths:2 | Noticed Josephina
 59163 | Depths:2 | Killed Josephina
 59164 | Depths:2 | Reached skill level 10 in Ice Magic
 59607 | Depths:2 | Found the +5 robe of Misfortune {Harm *Corrode *Slow EV+5}
 59669 | Depths:2 | Reached skill level 1 in Air Magic
 60137 | Depths:2 | Killed Vv
 60849 | Depths:3 | Noticed a juggernaut
 60929 | Depths:3 | Found a large runed translucent door.
 60929 | Depths:3 | Found a large runed translucent door.
 60941 | Depths:3 | Found a one-way gate to the infinite horrors of the Abyss.
 61243 | Depths:3 | Identified the +2 robe of Feast {rElec rF- Regen+ Archmagi}
 61251 | Depths:3 | Killed a juggernaut
 61872 | Depths:3 | Reached skill level 5 in Armour
 62027 | Depths:3 | Found a one-way gateway to a ziggurat.
 62074 | Depths:3 | Noticed Roplacol's ghost (master GrFi)
 62237 | Depths:4 | Entered Level 4 of the Depths
 62602 | Depths:4 | Noticed the Enchantress
 62743 | Depths:4 | Noticed Xtahua
 62744 | Depths:4 | Killed the Enchantress
 62754 | Depths:4 | Reached XP level 23. HP: 193/221 MP: 40/40
 62761 | Depths:4 | Killed Xtahua
 63058 | Depths:4 | Found a gate to the Realm of Zot.
 63946 | Crypt:1  | Entered Level 1 of the Crypt
 64281 | Crypt:1  | Found a large runed translucent door.
 64281 | Crypt:1  | Found a large runed translucent door.
 64286 | Crypt:1  | Noticed Rakupo Megg's ghost (veteran GrEE)
 64738 | Crypt:1  | Noticed Frederick
 65413 | Crypt:2  | Reached skill level 10 in Dodging
 65434 | Crypt:2  | Learned a level 6 spell: Simulacrum
 65955 | Crypt:3  | Entered Level 3 of the Crypt
 66046 | Crypt:3  | Found a staircase to the Tomb.
 67237 | Crypt:3  | Identified the +7 sling "Goblinbane" {freeze, +Blink rElec}
 67760 | Depths:3 | Voluntarily entered the Abyss.
 67794 | Abyss:3  | Noticed an ancient lich
 68116 | Abyss:3  | Gained mutation: You are strong-willed. (Will+) [a
                  | cacodemon]
 68118 | Abyss:3  | Gained mutation: Your spells are a little easier to cast,
                  | but a little less powerful. [a cacodemon]
 68136 | Abyss:3  | Paralysed by accursed screaming for 1 turns
 68163 | Abyss:3  | Paralysed by accursed screaming for 1 turns
 68179 | Depths:3 | Escaped the Abyss
 68366 | Depths:3 | Voluntarily entered the Abyss.
 68441 | Abyss:3  | Reached skill level 15 in Ice Magic
 68581 | Abyss:3  | Got an abyssal rune of Zot
 68862 | Depths:3 | Escaped the Abyss
 68920 | Zot:1    | Entered Level 1 of the Realm of Zot
 71283 | Slime:1  | Entered Level 1 of the Pits of Slime
 71300 | Slime:1  | Reached XP level 24. HP: 228/233 MP: 40/40
 71830 | Orc:2    | Bought a ring of resist corrosion for 300 gold pieces
 72602 | Slime:2  | Gained mutation: You have large cloven feet. [a shining
                  | eye]
 74240 | Slime:5  | Entered Level 5 of the Pits of Slime
 74534 | Slime:5  | Noticed the Royal Jelly
 74661 | Slime:5  | Gained mutation: Armour fits poorly on your strangely
                  | shaped body. [a shining eye]
 75333 | Slime:5  | Killed the Royal Jelly
 75507 | Slime:5  | Found the +6 Majin-Bo {spellvamp, MP+6 Int+6}
 75511 | Slime:5  | Identified the +3 whip of Dotihiu {heavy, rElec Will+}
 75537 | Slime:5  | Found the +7 Spriggan's Knife {stab, EV+4 Stlth+}
 75544 | Slime:5  | Identified the amulet "Plog" {Faith Int+5}
 75552 | Slime:5  | Got a slimy rune of Zot
 75581 | Slime:5  | Identified the +7 trident of Victory {flame, rElec rPois
                  | Str+3 SInv}
 75620 | Slime:5  | Identified the ring "Ezuryx" {rC- rCorr Int+6 Dex+3 SInv}
 76484 | Zot:1    | Learned a level 9 spell: Polar Vortex
 77612 | Zot:1    | Got Vayjas's Catalogue of Fire and Brimstone
 77662 | Zot:1    | Got the Vellum of the Zealot
 77816 | Zot:2    | Reached skill level 10 in Spellcasting
 80497 | Zot:3    | Noticed a shard shrike
 80518 | Zot:2    | Killed a shard shrike
 80653 | Zot:3    | Identified the ring of Papocali {Fire Str+4}
 81086 | Zot:4    | Reached XP level 25. HP: 240/240 MP: 43/43
 82000 | Zot:4    | Identified the +1 chain mail of Weemun {Int+3}
 82833 | Zot:5    | Entered Level 5 of the Realm of Zot
 83000 | Zot:5    | Noticed an orb of fire
 83017 | Zot:5    | Killed an orb of fire
 83574 | Zot:5    | Noticed a dread lich
 83709 | Zot:5    | Noticed an ancient lich
 83709 | Zot:5    | Noticed an orb of fire
 83716 | Zot:5    | Noticed an ancient lich
 83735 | Zot:5    | Killed an ancient lich
 83751 | Zot:5    | Gained mutation: You are dopey. (Int -2) [an orb of fire]
 83763 | Zot:5    | Gained mutation: You are frail. (-10% HP) [an orb of fire]
 83769 | Zot:5    | Killed from afar by an orb of fire

Illustrated notes

Levels and vault maps discovered:
D:1:      dpeg_arrival_windows_large_door, layout_loops_cross
D:2:      layout_rooms, serial_shops, nicolae_shop_bloodbath_and_beyond
D:3:      layout_basic, marbit_many_paths, lemuel_crystal_altar,
          hellmonk_ecumenical_altar_leap_of_faith, nicolae_hexahallways
D:4:      layout_basic, gammafunk_ghost_gnarly_gnolls, roderic_st_hans_cross,
          corexii_mini_fake_secret_closet
D:5:      layout_cave_pools, uniq_sigmund
D:6:      layout_rooms, mainiacjoe_overflow_surrounded_room, serial_shops,
          shop_coins
D:7:      layout_basic, mainiacjoe_overflow_brackets, kb_xom_exploding_sheep,
          minmay_temple_entry_offerings, gammafunk_ghost_nasty_kobolds,
          uniq_menkaure
D:8:      layout_cave_pools, vehumet_statue, mainiacjoe_overflow_alcove_1,
          old_standard_altar, nicolae_overflow_squiral,
          nicolae_shop_i_like_big_books, grunt_ministairs_13
D:9:      layout_basic, orc_0_dummy, serial_shops, nicolae_stop_n_shop_2,
          shop_statue
D:10:     layout_big_octagon, lemuel_round_altar
D:11:     layout_roguey, minmay_lair_entry_grove, uniq_nergalle
D:12:     layout_gridville, uniq_frances
D:13:     layout_rooms, david_vaults_1, nicolae_elemental_shop,
          nicolae_twisting_strands, uniq_snorg
D:14:     minmay_skewed_foursquare, layout_loops_ring,
          portal_ice_cave_entry_frozen_things, gauntlet_entry_generic,
          grunt_qazlal_clouds, nicolae_stop_n_shop_2, xom_shifter_show
D:15:     gammafunk_enter_depths_forms, layout_rooms, hangedman_decor_lopped
Lair:1:   layout_regular_city, wad_woods_01
Lair:2:   layout_long_grid, guppyfry_snake_entry_garden, enter_volcano_4,
          lemuel_fruit_fields
Lair:3:   layout_regular_city, shoals_dummy_entry, infiniplex_staircase_pool
Lair:4:   onia_ninara_swampy_vault, layout_gridlike, basic_altar,
          nicolae_quartered_pool_little, chequers_serial_rivers_large_a
Lair:5:   due_jungle_book, layout_misc_corridors,
          minmay_slime_entry_oklob_enclosed, minivault_23, serial_bayou_lagoon_a
Shoals:1: layout_shoals
Shoals:2: layout_shoals, nicolae_specific_store, uniq_louise
Shoals:3: layout_shoals, uniq_kirke, uniq_nikola
Shoals:4: shoals_end_hangedman, layout_shoals, shoals_ilsuiw_ice,
          nicolae_shoals_lost_giant_hut, uniq_donald, uniq_roxanne,
          uniq_polyphemus
Snake:1:  gammafunk_the_bubble [the_bubble_gammafunk_roulette],
          layout_misc_corridors, serial_bayou_shore_a, uniq_agnes
Snake:2:  layout_layer_cave, minmay_shoptagon, uniq_aizul
Snake:3:  layout_rooms, uniq_jorgrun
Snake:4:  grunt_snake_rune_pools, layout_rooms, uniq_mara
Slime:1:  layout_caves
Slime:2:  layout_caves
Slime:3:  layout_caves, nicolae_slime_crime_time
Slime:4:  layout_caves
Slime:5
Orc:1:    layout_diamond_mine, serial_shops, shop, basic_altar
Orc:2:    pf_orc_diabolical, layout_caves, nicolae_orc_rich_vein
Elf:1:    eino_elf_arrival_sip, layout_loops_corners, hangedman_elf_represent
Elf:2:    nicolae_elf_blades_crystal_corner, layout_geoelf_diagonals,
          serial_shops, nicolae_square_shop, nicolae_shop_waterfront,
          dk_noncrumbling_2, guppyfry_elf_castle, minmay_shop_grove
Elf:3:    elf_hall, layout_geoelf_castle, serial_shops, shop
Vaults:1: nicolae_vaults_three_branches, nicolae_vaults_minivaults,
          hangedman_vaults_restitches, v_rooms_4, hangedman_vaults_snaps,
          ontoclasm_vaults_ring_square, v_misc_19,
          nicolae_vaults_diagonal_hallway_7, nicolae_vaults_network_star,
          vaults_room_corners, vaults_room_pool, ontoclasm_vaults_hangar,
          ontoclasm_vaults_shuriken, ontoclasm_vaults_loading_screen, v_misc_13,
          grunt_vaults_hallway_long, layout_vaults_maze_bifur
Vaults:2: v_alt_pattern_3, v_misc_13, v_misc_27, vaults_room_octagon,
          nicolae_vaults_windows_and_doors_thing, nicolae_vaults_asterisk,
          nicolae_vaults_little_ls, nicolae_vaults_network_quinsquares
          [nicolae_vaults_network_quincunx_subvault,
          nicolae_vaults_network_quincunx_subvault,
          nicolae_vaults_network_quincunx_subvault,
          nicolae_vaults_network_quincunx_subvault], serial_ice_m, v_misc_5,
          ontoclasm_vaults_twist, grunt_vaults_focal, vaults_room_door_ring,
          v_misc_32, hangedman_vaults_trim, layout_vaults_omnibox
Vaults:3: v_misc_1, hangedman_vaults_maws, st_more_cells,
          ontoclasm_vaults_bender, vaults_dpeg_diagonal, vaults_room_semicircle,
          vaults_dpeg_emergency_exit, blue_anna_dwarven_crypt,
          layout_vaults_chaotic_city, serial_shops, shop
Vaults:4: v_misc_29, vaults_mumra_lcd, nicolae_vaults_ring_of_whatevers,
          nicolae_vaults_back_hallway, ontoclasm_vaults_ligature,
          vaults_room_door_hall, vaults_room_stairs_pillars,
          grunt_vaults_diagonal, nicolae_vaults_network_periphery,
          hangedman_vaults_impose, v_misc_28, nicolae_vaults_an_arrangement,
          nicolae_vaults_shelves_hall, serial_ice_h, layout_vaults_omnicross,
          serial_shops, shop, uniq_zenata, uniq_margery
Crypt:1:  layout_basic, ebering_ghost_disaster_area, uniq_frederick
Crypt:2:  layout_chaotic_city, skrybe_necro_troll_2, lemuel_upstairs_altar
Crypt:3:  due_elkab, layout_chaotic_city, tomb_entry_forgotten_bobbens,
          basic_altar
Depths:1: layout_gridlike, serial_shops, bzr_entry_gold, shop, hell_entry,
          minmay_splitting_lines, minivault_16, nicolae_sif_muna_condensation,
          uniq_saint_roka
Depths:2: minmay_spiral_squares, layout_basic, nicolae_hepliaklqana_hazy_memory,
          ebering_ghost_xom, hangedman_coc_ice_floe, rand_demon_pan_entry_8,
          hangedman_decor_clover_reticule, lemuel_zombie_altar_yredelemnul,
          uniq_josephina, uniq_asterion, uniq_vv
Depths:3: kennysheep_big_flooded_room, layout_gridville, enter_ziggurat_b,
          ebering_ghost_disaster_area, abyss_entry, grunt_hell_entry_dis_grunt,
          minivault_1, kb_rosetta
Depths:4: grunt_crosshair, layout_gridville, dk_noncrumbling_3, hell_entry,
          uniq_enchantress, uniq_xtahua
Zot:1:    nicolae_zot_draconian_monastery, layout_gridlike
Zot:2:    layout_onion_interference, nicolae_lava_and_water
Zot:3:    minmay_elemental_castle, layout_onion_interference
Zot:4:    gammafunk_mikee_crab_dinner, layout_cathedral_of_symmetry
Zot:5:    layout_misc_corridors

Skill      XL: |  1  2  3  4  5  6  7  8  9 10 11 12 13 14 15 16 17 18 19 20 21 22 23 24 |
---------------+-------------------------------------------------------------------------+-----
Unarmed Combat | 3 4 5 6 7 9 11 13 14 16 17 19 21 22 23 24 25 26 27 | 27.0
Fighting       | 3 6 8 9 11 12 14 15 16 17 19 20 21 22 | 22.4
Evocations     | 4 7 8 |  8.0
Shields        | 1 5 |  5.0
Throwing       | 3 4 |  4.0
Spellcasting   | 2 4 7 8 11 | 11.8
Ice Magic      | 9 12 15 19 | 19.9
Dodging        | 6 9 11 12 | 12.0
Armour         | 5 |  5.0
Air Magic      | 2 |  2.0
Stealth        | |  4.5

Action                     |  1- 3 |  4- 6 |  7- 9 | 10-12 | 13-15 | 16-18 | 19-21 | 22-24 | 25-27 || total
---------------------------+-------+-------+-------+-------+-------+-------+-------+-------+-------++-------
  Melee: Unarmed           |    75 |   156 |   346 |   720 |  1100 |   991 |  1891 |  2343 |   189 ||  7811
         Flail             |     5 |    50 |       |     3 |       |       |       |       |       ||    58
         Punch             |     4 |     3 |    17 |    39 |       |       |       |       |       ||    63
         Whip              |       |       |       |       |   121 |    40 |    41 |       |     7 ||   209
   Fire: Shortbow          |       |     3 |       |       |       |       |       |       |       ||     3
         Arbalest          |       |       |    36 |    46 |       |       |       |       |       ||    82
         Hand crossbow     |       |       |       |     1 |    39 |       |       |       |       ||    40
         Sling             |       |       |       |       |       |       |     9 |       |       ||     9
  Throw: Dart              |     6 |    20 |    20 |    53 |    29 |     4 |    24 |     2 |       ||   158
         Boomerang         |       |     3 |     3 |       |    44 |       |       |       |       ||    50
         Throwing net      |       |       |       |     5 |       |       |       |     1 |       ||     6
         Javelin           |       |       |       |       |     6 |    22 |    43 |    47 |       ||   118
   Cast: Wereblood         |       |     1 |     1 |       |       |       |    12 |     9 |       ||    23
         Mephitic Cloud    |       |       |       |       |       |       |    24 |    24 |       ||    48
         Summon Ice Beast  |       |       |       |       |       |       |    10 |    47 |     6 ||    63
         Frozen Ramparts   |       |       |       |       |       |       |     2 |     7 |       ||     9
         Freezing Cloud    |       |       |       |       |       |       |       |   102 |    26 ||   128
         Hailstorm         |       |       |       |       |       |       |       |    31 |       ||    31
         Simulacrum        |       |       |       |       |       |       |       |     3 |       ||     3
         Blink             |       |       |       |       |       |       |       |     1 |       ||     1
Ability: Evoke Blink       |       |       |       |       |       |     1 |     2 |     8 |     2 ||    13
  Evoke: Wand              |     1 |       |    12 |    15 |     3 |    11 |    30 |     4 |     1 ||    77
         Piece from Xom's  |       |       |       |       |     2 |     9 |     6 |       |       ||    17
         Tin of tremorston |       |       |       |       |     2 |     5 |     7 |     7 |       ||    21
         Lightning rod     |       |       |       |       |       |    12 |    11 |     6 |       ||    29
         Condenser vane    |       |       |       |       |       |       |     2 |     2 |       ||     4
         Box of beasts     |       |       |       |       |       |       |       |     2 |       ||     2
         Phantom mirror    |       |       |       |       |       |       |       |     2 |       ||     2
         Phial of floods   |       |       |       |       |       |       |       |     1 |       ||     1
    Use: Potion            |     1 |     1 |       |     1 |     6 |     7 |     3 |     7 |     5 ||    31
         Scroll            |     1 |       |    12 |    10 |     4 |    12 |     8 |    20 |     4 ||    71
   Stab: Sleeping          |     1 |     2 |       |       |       |     1 |     2 |     1 |       ||     7
         Paralysed         |       |       |     3 |     2 |       |       |       |       |       ||     5
         Held in net/web   |       |       |       |     3 |       |       |       |     1 |       ||     4
         Confused          |       |       |       |       |       |       |    10 |    18 |       ||    28
         Distracted        |       |       |       |       |       |       |     2 |    14 |     1 ||    17
 Armour: Leather armour    |    20 |     5 |       |       |       |       |       |       |       ||    25
         Chain mail        |       |    84 |       |       |       |       |       |       |       ||    84
         Skin              |       |     2 |       |       |       |       |     4 |       |       ||     6
         Ring mail         |       |    16 |     2 |       |       |       |       |       |       ||    18
         Plate armour      |       |       |   171 |   318 |   536 |   429 |   305 |       |       ||  1759
         Acid dragon scale |       |       |       |       |     4 |       |       |       |       ||     4
         Fire dragon scale |       |       |       |       |       |     5 |    12 |       |       ||    17
         Pearl dragon scal |       |       |       |       |       |       |   363 |  1000 |    79 ||  1442
         Robe              |       |       |       |       |       |       |     1 |       |       ||     1
         Shadow dragon sca |       |       |       |       |       |       |    35 |       |       ||    35
  Dodge: Dodged            |    34 |    83 |   119 |   403 |   588 |   368 |   471 |   959 |    64 ||  3089
         Repelled          |       |       |       |     2 |    15 |    25 |    32 |    55 |     4 ||   133
  Block: Buckler           |       |       |       |    97 |   292 |   249 |   387 |   580 |    36 ||  1641
Riposte: Unarmed           |       |       |       |       |   104 |    47 |       |       |       ||   151
         Whip              |       |       |       |       |    22 |    11 |       |       |       ||    33

Table legend: (Time is in decaauts)
 A = Elapsed time spent in this place.
 B = Non-inter-level travel time spent in this place.
 C = Inter-level travel time spent in this place.
 D = Time resting spent in this place.
 E = Time spent auto-exploring this place.
 F = Levels seen in this place.
 G = Mean time per level.
                   A        B        C        D        E       F      G
               +--------+--------+--------+--------+--------+-----+--------+
         Total |  81345 |  70226 |  11119 |  10442 |  32054 |  61 | 1333.5 |
       Dungeon |  18687 |  15102 |   3585 |   2700 |   7789 |  15 | 1245.8 |
          Lair |   8893 |   7241 |   1652 |    939 |   4207 |   5 | 1778.6 |
        Shoals |   5680 |   5155 |    525 |    378 |   2669 |   4 | 1420.0 |
     Snake Pit |   5603 |   4786 |    817 |    785 |   2276 |   4 | 1400.8 |
    Slime Pits |   3798 |   3331 |    467 |    377 |   1612 |   5 |  759.6 |
  Orcish Mines |   2289 |   2016 |    273 |    307 |    936 |   2 | 1144.5 |
   Elven Halls |   5231 |   4937 |    294 |    219 |   2395 |   3 | 1743.7 |
        Vaults |   8543 |   7637 |    906 |   1340 |   3645 |   4 | 2135.8 |
         Crypt |   3351 |   3129 |    222 |    341 |    808 |   3 | 1117.0 |
        Depths |   8395 |   6814 |   1581 |    856 |   3021 |   4 | 2098.8 |
           Zot |   8150 |   7358 |    792 |   1598 |   2319 |   5 | 1630.0 |
         Abyss |   1024 |   1024 |      0 |    232 |     23 |   3 |  341.3 |
        Bazaar |    139 |    139 |      0 |     28 |     50 |   1 |  139.0 |
      Ice Cave |    768 |    768 |      0 |     70 |    269 |   1 |  768.0 |
       Volcano |    532 |    532 |      0 |    267 |      4 |   1 |  532.0 |
      Gauntlet |    255 |    255 |      0 |      0 |     28 |   1 |  255.0 |
               +--------+--------+--------+--------+--------+-----+--------+

Top non-repeatable levels by time:
Depths:2: 3321 daAuts
   Zot:1: 2850 daAuts
Vaults:4: 2381 daAuts
   Zot:4: 2337 daAuts
Vaults:1: 2167 daAuts
  Lair:5: 2105 daAuts
Shoals:2: 2099 daAuts
    D:11: 2096 daAuts
   Elf:3: 2094 daAuts
Depths:1: 2037 daAuts
Vaults:3: 2019 daAuts
Vaults:2: 1974 daAuts
     D:4: 1929 daAuts
  Lair:1: 1840 daAuts
  Lair:4: 1822 daAuts
